 Dungeon Crawl Stone Soup version 0.21.1-1-g345015f (webtiles) character file.

5779 aronpayne the Fighter (level 10, -4/96 HPs)
             Began as a Minotaur Fighter on May 26, 2018.
             Was a Believer of Wu Jian.
             Slain by a sky beast (5 damage)
             ... on level 9 of the Dungeon.
             The game lasted 00:43:23 (7507 turns).

aronpayne the Fighter (Minotaur Fighter)            Turns: 7507, Time: 00:43:25

Health: -4/96      AC: 16    Str: 23    XL:     10   Next: 50%
Magic:  9/9        EV:  8    Int:  5    God:    Wu Jian [**....]
Gold:   452        SH: 17    Dex: 11    Spells: 9/9 levels left

rFire    + . .     SeeInvis .   b - +3 morningstar
rCold    . . .     Gourm    .   o - +0 large shield
rNeg     + . .     Faith    .   r - +1 chain mail {rF+}
rPois    .         Spirit   .   (helmet restricted)
rElec    .         Reflect  .   (no cloak)
rCorr    .         Harm     .   G - +0 pair of gloves
MR       .....                  (no boots)
Stlth    ..........             (no amulet)
HPRegen  0.26/turn              C - +3 ring of protection
MPRegen  0.11/turn              j - ring of positive energy

@: no status effects
A: retaliatory headbutt, horns 2
a: Wall Jump, Renounce Religion


You were on level 9 of the Dungeon.
You worshipped Wu Jian.
Wu Jian was pleased with you.
You were full.

You visited 1 branch of the dungeon, and saw 9 of its levels.
You also visited: Ossuary.

You collected 494 gold pieces.
You spent 42 gold pieces at shops.

Inventory:

Hand Weapons
 b - a +3 morningstar (weapon)
 g - a +4 mace of holy wrath
 H - a +1 great mace of protection
 J - a +1 flail of freezing
Armour
 o - a +0 large shield (worn)
 r - a +1 chain mail of fire resistance (worn)
 G - a +0 pair of gloves (worn)
Jewellery
 i - a +3 ring of intelligence
 j - a ring of positive energy (right hand)
 C - a +3 ring of protection (left hand)
 M - an uncursed ring of magical power
Wands
 q - a wand of disintegration (16)
 v - a wand of flame (36)
 w - a wand of iceblast (7)
 y - a wand of paralysis (13)
 z - a wand of random effects (56)
Scrolls
 d - 2 scrolls of identify
 e - 3 scrolls of teleportation
 h - 2 scrolls of enchant weapon
 k - 2 scrolls of magic mapping
 l - a scroll of enchant armour {unknown}
 n - 7 scrolls of remove curse
 D - 3 scrolls of immolation {unknown}
 F - 2 scrolls of fog {unknown}
 I - a scroll of silence {unknown}
Potions
 a - 2 potions of magic
 c - 4 potions of degeneration
 s - a potion of flight
 t - 2 potions of agility {unknown}
 u - a potion of ambrosia {unknown}
 x - 2 potions of invisibility {unknown}
 A - 2 potions of curing
 B - a potion of cancellation
 E - 3 potions of brilliance {unknown}
 K - a potion of mutation {unknown}
 L - a potion of lignification {unknown}
Books
 m - a book of Misfortune

   Spells                             Type                      Level
   a - Confusing Touch                Hexes                        1
   b - Confuse                        Hexes                        3
   c - Gell's Gravitas                Translocation                3
   d - Petrify                        Transmutation/Earth          4
   e - Metabolic Englaciation         Hexes/Ice                    5
   f - Yara's Violent Unravelling     Hexes/Transmutation          5
 p - Vehumet's Almanac of Battle Magic
   (You found it on level 3 of the Dungeon)

   Spells                             Type                      Level
   a - Magic Dart                     Conjuration                  1
Comestibles
 f - 16 rations
 N - 5 chunks of flesh


   Skills:
 * Level 11.4 Fighting
 + Level 8.0 Maces & Flails
 + Level 8.6 Armour
 + Level 6.8 Dodging
 + Level 8.7 Shields


You had 9 spell levels left.
You didn't know any spells.

Dungeon Overview and Level Annotations

Branches:
Dungeon (9/15)             Temple (0/1) D:7
   Lair: D:8-11         Orc: D:9-12

Altars:
Ashenzari
Elyvilon
Kikubaaqudgha
Makhleb
Nemelex Xobeh
Ru
Sif Muna
Uskayaw
Vehumet
Wu Jian
Xom
Yredelemnul
Zin

Shops:
D:5 :   D:7 !


Innate Abilities, Weirdness & Mutations

You reflexively headbutt those who attack you in melee.
You have a pair of horns on your head.


Message History

The two-headed ogre is almost dead.
The two-headed ogre hits you with a giant spiked club!
* * * LOW HITPOINT WARNING * * *
The two-headed ogre hits you with a giant club.
* * * LOW HITPOINT WARNING * * *
You block the kobold's attack.
The sky beast hits you but does no damage.
You attack the sky beast from above.
You thump the sky beast!
The sky beast is severely wounded.
You attack the kobold from above.
You barely miss the kobold. You block the sky beast's attack.
The sky beast flickers out of sight!
Deactivating autopickup; reactivate with Ctrl-A.
Something hits you but does no damage.
You feel better. The two-headed ogre closely misses you.
The two-headed ogre hits you with a giant club!
* * * LOW HITPOINT WARNING * * *
Something hits you.
* * * LOW HITPOINT WARNING * * *
Something shocks you.
You die...

##...######......................
##...# #...######.............
.....######...# #.............
..............# #.............
..............######..#########..
......................# #..
###..#####......K...÷.# #.. #..#
#......O...†.# #.. #..#
#......@.(().# #.. #..#
#..........).# #.. ...
..........(..#########..
...?........))).........
............)?..........
##############..........
#.......... #..........
#..........


You could see a two-headed ogre and a kobold.

Vanquished Creatures
  A two-headed ogre (D:8)
  A manticore (D:7)
  Grinder (D:5)
  Sigmund (D:6)
  2 wraiths (Ossuary)
  A wyvern (D:8)
  Duvessa (D:7)
  2 black bears
  4 sky beasts
  3 orc warriors
  2 phantoms
  An ogre (D:9)
  A necrophage (D:9)
  4 centaurs
  Blork the orc (D:6)
  A big kobold (D:9)
  Dowan (D:7)
  5 bullfrogs
  A scorpion (D:9)
  6 wights
  4 crimson imps
  5 hounds
  5 jellies
  9 orc priests
  A bullfrog skeleton (D:6)
  3 iguanas
  Jessica (D:3)
  Ijyb (D:3)
  7 orc wizards
  7 worker ants
  A howler monkey zombie (D:8)
  2 worker ant zombies
  8 gnolls
  11 adders
  3 shadow imps
  6 oozes
  An adder skeleton (D:4)
  2 worms
  4 dart slugs
  4 leopard geckos
  29 orcs
  2 giant cockroaches
  2 goblins
  8 hobgoblins
  13 jackals
  2 quokkas
  2 ball pythons
  A ball python skeleton (Ossuary)
  5 bats
  9 frilled lizards
  A giant cockroach zombie (D:5)
  A hobgoblin skeleton (Ossuary)
  A jackal skeleton (D:5)
  7 kobolds
  3 kobold zombies (Ossuary)
  An orc skeleton (Ossuary)
  3 orc zombies (Ossuary)
  8 rats
  A butterfly (D:7)
224 creatures vanquished.

Vanquished Creatures (others)
  2 kobolds (D:9)
  A bush (D:6)
3 creatures vanquished.

Grand Total: 227 creatures vanquished

Notes
Turn   | Place    | Note
-------+----------+-------------------------------------------
     0 | D:1      | aronpayne the Minotaur Fighter began the quest for the Orb.
     0 | D:1      | Reached XP level 1. HP: 19/19 MP: 0/0
   243 | D:1      | Reached XP level 2. HP: 27/27 MP: 1/1
   302 | D:1      | Reached skill level 4 in Fighting
   591 | D:2      | Reached skill level 1 in Dodging
   591 | D:2      | Reached XP level 3. HP: 10/33 MP: 2/2
  1066 | D:2      | Found a white marble altar of Elyvilon.
  1116 | D:2      | Found a basalt altar of Yredelemnul.
  1546 | D:3      | Reached XP level 4. HP: 37/41 MP: 3/3
  1604 | D:3      | Found a sacrificial altar of Ru.
  1656 | D:3      | Noticed Jessica
  1665 | D:3      | Killed Jessica
  1863 | D:3      | Reached skill level 5 in Fighting
  1864 | D:3      | Reached XP level 5. HP: 38/48 MP: 4/4
  2158 | D:3      | Found a radiant altar of Vehumet.
  2158 | D:3      | Found an ancient bone altar of Kikubaaqudgha.
  2160 | D:3      | Found a deep blue altar of Sif Muna.
  2172 | D:3      | Identified Vehumet's Almanac of Battle Magic
  2303 | D:3      | Noticed Ijyb
  2311 | D:3      | Killed Ijyb
  2503 | D:4      | Reached XP level 6. HP: 56/56 MP: 5/5
  2528 | D:4      | Found a sand-covered staircase.
  2556 | Ossuary  | Entered an ossuary
  2798 | Ossuary  | Noticed a flying skull
  2798 | Ossuary  | Noticed a wraith
  2804 | Ossuary  | Noticed a flying skull
  2842 | Ossuary  | Noticed a wraith
  2846 | Ossuary  | Killed a wraith
  2846 | Ossuary  | Reached skill level 6 in Fighting
  2846 | Ossuary  | Reached skill level 5 in Armour
  2846 | Ossuary  | Reached skill level 5 in Shields
  2853 | Ossuary  | Noticed a flying skull
  2854 | Ossuary  | Noticed a flying skull
  2858 | Ossuary  | Noticed a wraith
  2862 | Ossuary  | Killed a wraith
  2862 | Ossuary  | Reached XP level 7. HP: 64/64 MP: 6/6
  2870 | Ossuary  | Noticed a flying skull
  2963 | D:4      | Found a hide-covered altar of Uskayaw.
  3364 | D:5      | Entered Level 5 of the Dungeon
  3374 | D:5      | Reached skill level 7 in Fighting
  3433 | D:5      | Found Ropt's Book Boutique.
  3553 | D:5      | Reached skill level 5 in Maces & Flails
  3553 | D:5      | Reached XP level 8. HP: 72/73 MP: 7/7
  3802 | D:5      | Noticed Grinder
  3809 | D:5      | Killed Grinder
  3809 | D:5      | Reached skill level 8 in Fighting
  3982 | D:6      | Found a sparkling altar of Nemelex Xobeh.
  3982 | D:6      | Found a shimmering altar of Xom.
  3982 | D:6      | Found an ornate altar of the Wu Jian Council.
  3988 | D:6      | Became a worshipper of the Wu Jian Council
  4295 | D:6      | Reached skill level 9 in Fighting
  4300 | D:6      | Reached skill level 5 in Dodging
  4300 | D:6      | Reached XP level 9. HP: 79/83 MP: 8/8
  4336 | D:6      | Noticed Blork the orc
  4342 | D:6      | Killed Blork the orc
  4439 | D:6      | Reached * piety under Wu Jian
  4458 | D:6      | Noticed Sigmund
  4460 | D:6      | Found a shattered altar of Ashenzari.
  4465 | D:6      | Killed Sigmund
  4987 | D:7      | Noticed a manticore
  4996 | D:7      | Killed a manticore
  4996 | D:7      | Reached skill level 10 in Fighting
  5279 | D:7      | Found Santiyxo's Distillery.
  5287 | D:7      | Bought a potion of curing for 42 gold pieces
  5385 | D:7      | Noticed Dowan
  5386 | D:7      | Noticed Duvessa
  5397 | D:7      | Killed Duvessa
  5405 | D:7      | Killed Dowan
  5798 | D:7      | Found a staircase to the Ecumenical Temple.
  6233 | D:8      | Found a sparkling altar of Nemelex Xobeh.
  6348 | D:8      | Reached XP level 10. HP: 80/94 MP: 9/9
  6377 | D:8      | Found a burning altar of Makhleb.
  6379 | D:8      | Found a glowing silver altar of Zin.
  6381 | D:8      | Noticed a balrug
  6382 | D:8      | Noticed an angel
  6516 | D:8      | Noticed a two-headed ogre
  6527 | D:8      | Killed a two-headed ogre
  6527 | D:8      | Reached skill level 11 in Fighting
  6533 | D:8      | Reached ** piety under Wu Jian
  7483 | D:9      | Noticed a two-headed ogre
  7507 | D:9      | HP: 4/96 [two-headed ogre/giant spiked club (15)]
  7507 | D:9      | HP: 1/96 [something (3)]
  7507 | D:9      | Slain by a sky beast

Skill      XL: |  1  2  3  4  5  6  7  8  9 10 |
---------------+-------------------------------+-----
Fighting       | 4 5 6 7 9 10 11 | 11.4
Dodging        | 1 2 3 5 6 |  6.8
Armour         | 4 5 6 8 |  8.6
Shields        | 4 5 6 8 |  8.7
Maces & Flails | 3 4 5 6 7 8 |  8.0

Action                   |  1- 3 |  4- 6 |  7- 9 | 10-12 || total
-------------------------+-------+-------+-------+-------++-------
Melee: Flail             |    92 |       |   136 |       ||   228
       Headbutt          |    13 |    12 |    62 |    24 ||   111
       Mace              |     4 |   106 |    14 |       ||   124
       Morningstar       |       |       |   204 |   119 ||   323
Invok: Lunge             |       |       |    15 |    11 ||    26
       Whirlwind         |       |       |    18 |     5 ||    23
       Wall Jump         |       |       |       |    12 ||    12
  Use: Potion            |     1 |     4 |     2 |     3 ||    10
       Scroll            |       |     9 |     5 |     3 ||    17
  Eat: Chunk             |     2 |     4 |     9 |     1 ||    16
       Ration            |       |       |     1 |     2 ||     3
Armor: Scale mail        |    47 |    24 |       |       ||    71
       Chain mail        |       |    10 |   123 |    46 ||   179
Dodge: Dodged            |    28 |    15 |    48 |    24 ||   115
Block: Shield            |    40 |    11 |       |       ||    51
       Large shield      |       |    61 |   244 |    79 ||   384
